 Dungeon Crawl Stone Soup version 0.17-a0-1942-g46ae386 (webtiles) character file.

252 ololoev the Slasher (level 5, 0/37 HPs)
             Began as a High Elf Fighter on Sept 30, 2015.
             Was an Initiate of Makhleb.
             Slain by a centaur (3 damage)
             ... on level 5 of the Dungeon.
             The game lasted 00:06:31 (936 turns).

ololoev the Slasher (High Elf Fighter)               Turns: 936, Time: 00:06:31

Health: 0/37       AC:  8    Str: 16    XL:     5   Next: 89%
Magic:  6/6        EV:  9    Int: 11    God:    Makhleb [......]
Gold:   67         SH:  0    Dex: 15    Spells: 0 memorised, 4 levels left

rFire  . . .     SeeInvis .     a - +0 long sword
rCold  . . .     Clarity  .     b - +0 scale mail
rNeg   . . .     SustAt   .     (no shield)
rPois  .         Gourm    .     (no helmet)
rElec  .         Spirit   .     i - +0 cloak (curse)
rCorr  .         Warding  .     (no gloves)
rMut   .         Stasis   .     (no boots)
MR     .....                    (no amulet)
Stlth  ..........               (no ring)
                                (no ring)

@: not resistant to hostile enchantments, extremely unstealthy
A: no striking features
a: Renounce Religion

Inventory:

Hand weapons
 a - a +0 long sword (weapon)
Armour
 b - a +0 scale mail (worn)
 c - a +0 shield
 i - a cursed +0 cloak (worn)
Scrolls
 f - 3 scrolls of remove curse
 j - a scroll of recharging
Potions
 h - a potion of flight
Comestibles
 e - 2 bread rations
 g - a meat ration
 k - a beef jerky


   Skills:
 + Level 4.2 Fighting
 * Level 5.5 Long Blades
 + Level 3.7 Armour
 - Level 2.6 Shields
 + Level 0.4 Invocations


You had 4 spell levels left.
You didn't know any spells.


You were on level 5 of the Dungeon.
You worshipped Makhleb.
Makhleb was noncommittal.
You were hungry.

You visited 2 branches of the dungeon, and saw 6 of its levels.

You collected 67 gold pieces.

##. #.. #.#####
#######..... ......
........... ..... #.
#.........#### ..c.# ..
#...##....c@.# ....# ..
...##.##.##(# ..c.## .#
#.##.##.##........# .#
#....##5#####...#.#
.###.#
#.#####c((5c......#
.(...# #.#
#...........#.#
.#######.###..........[#
.......................#
<####..##.##..##########

Notes
Turn   | Place    | Note
--------------------------------------------------------------
     0 | D:1      | ololoev the High Elf Fighter began the quest for the Orb.
     0 | D:1      | Reached XP level 1. HP: 16/16 MP: 2/2
    40 | D:2      | Reached XP level 2. HP: 21/21 MP: 3/3
    46 | D:2      | Found a sacrificial altar of Ru.
    48 | D:2      | Noticed an orc wizard
    62 | D:2      | Killed an orc wizard
    62 | D:2      | Reached XP level 3. HP: 19/26 MP: 4/4
   315 | D:4      | Reached skill level 4 in Long Blades
   316 | D:4      | Reached XP level 4. HP: 22/32 MP: 5/5
   439 | D:4      | Found a staircase to the Ecumenical Temple.
   442 | D:4      | Noticed an ogre
   447 | Temple   | Entered the Ecumenical Temple
   451 | Temple   | Became a worshipper of Makhleb the Destroyer
   551 | D:4      | Killed an ogre
   551 | D:4      | Reached skill level 5 in Long Blades
   551 | D:4      | Reached XP level 5. HP: 2/37 MP: 6/6
   663 | D:5      | Entered Level 5 of the Dungeon
   684 | D:5      | Noticed bear's ghost (experienced TeCj)
   730 | D:5      | Noticed a centaur
   731 | D:5      | Noticed an orc warrior
   754 | D:4      | Found Viguesoe's Armour Emporium.
   856 | D:5      | Found a radiant altar of Vehumet.
   907 | D:5      | Noticed a centaur
   936 | D:5      | Slain by a centaur

Dungeon Overview and Level Annotations

Branches:
Dungeon (5/15)             Temple (1/1) D:4

Altars:
Elyvilon
Makhleb
Ru
Sif Muna
Vehumet

Shops:
D:4 [

Annotations:
D:5 exclusion: statue, bear's ghost, experienced TeCj


Message History

The giant cockroach is heavily wounded.
The giant cockroach bites you but does no damage.
You hit the giant cockroach.
You kill the giant cockroach!
Makhleb accepts your kill.
You miss the crimson imp.
The crimson imp hits you but does no damage.
You miss the crimson imp.
The crimson imp hits you but does no damage.
You completely miss the crimson imp. The crimson imp misses you.
The crimson imp hits you but does no damage.
You barely miss the crimson imp.
The crimson imp hits you but does no damage.
You miss the crimson imp. The crimson imp barely misses you.
You hit the crimson imp.
The crimson imp is lightly wounded.
The crimson imp summons a swarm of flies.
The crimson imp hits you but does no damage.
You hit the crimson imp but do no damage.
The crimson imp is lightly wounded.
The crimson imp barely misses you.
You hit the crimson imp but do no damage.
The crimson imp hits you but does no damage.
You slash the crimson imp!
The crimson imp is severely wounded.
The crimson imp hits you.
You closely miss the crimson imp.
The crimson imp is severely wounded.
The crimson imp hits you.
The crimson imp hits you but does no damage.
You barely miss the crimson imp.
The crimson imp is heavily wounded.
The crimson imp closely misses you.
You slash the crimson imp!
You kill the crimson imp!
Makhleb accepts your kill.
The centaur shoots an arrow.
The arrow hits you.
The centaur unwields an uncursed shortbow.
The centaur hits you.
You die...

You could see a centaur.

Vanquished Creatures
  An ogre (D:4)
  A crimson imp (D:5)
  An orc wizard (D:2)
  A worker ant (D:4)
  A killer bee zombie (D:4)
  3 gnolls (D:4)
  2 adders
  5 orcs (D:4)
  2 giant cockroaches
  2 hobgoblins
  3 kobolds
  A goblin (D:2)
  A rat (D:3)
24 creatures vanquished.

Vanquished Creatures (others)
  A worker ant (D:4)
  An adder (D:4)
  An adder skeleton (D:4)
  A giant gecko (D:4)
  An orc (D:4)
5 creatures vanquished.

Grand Total: 29 creatures vanquished

Action                   |  1- 3 |  4- 6 || total
-------------------------+-------+-------++-------
Melee: Long sword        |    57 |    48 ||   105
  Use: Potion            |     3 |     3 ||     6
       Scroll            |       |     5 ||     5

Vault maps used:
D:1:      scummos_arrival_star
D:2:      minmay_misc_feat_five, minivault_23,
          nicolae_ru_great_annihilating_truth
D:3:      overflow_temple_1_default, lemuel_crystal_altar,
          hangedman_decor_growths, uniq_iyjb, uniq_robin
D:4:      xom_confusion_cloud, kennysheep_mini_moat, minmay_temple_entry_grid,
          first_bread, serial_shops, nicolae_shop_statue_plus,
          nicolae_shop_behind_doors, nicolae_shop_trees, jiyva_altar_1
D:5:      vehumet_statue, chei_slow_surprise, uniq_blork_the_orc
Temple:   circular_temple_pool_8
